 Dungeon Crawl Stone Soup version 0.29-a0-284-gf9362112df (webtiles) character file.

Game seed: 4799683336611553996

1540 gzilladon the Cleaver (level 8, -18/70 HPs)
             Began as a Hill Orc Monk on Mar 25, 2022.
             Was a Believer of Beogh.
             Demolished by a boulder beetle (22 damage)
             ... on level 7 of the Dungeon.
             The game lasted 00:31:21 (8315 turns).

gzilladon the Cleaver (Hill Orc Monk)               Turns: 8315, Time: 00:31:21

Health: -18/70     AC: 11    Str: 16    XL:     8   Next: 86%
Magic:  0/8        EV:  8    Int: 10    God:    Beogh [**....]
Gold:   210        SH:  0    Dex: 13    Spells: 7/7 levels left

rFire   + . .      SeeInvis .   A - +5 executioner's axe
rCold   + . .      Faith    .   (shield currently unavailable)
rNeg    + . .      Spirit   +   K - +0 chain mail
rPois   +          Reflect  .   l - +0 helmet
rElec   .          Harm     .   o - scarf {rC+ rF+}
rCorr   .          Rampage  .   (no gloves)
Will    .....                   (no boots)
Stlth   ..........              m - amulet of guardian spirit
HPRegen 0.21/turn               e - ring of positive energy
MPRegen 0.11/turn               I - ring of poison resistance

@: mighty
A: low MP 1
a: Renounce Religion, Smiting


You were on level 7 of the Dungeon.
You worshipped Beogh.
Beogh was pleased with you.
You visited 1 branch of the dungeon, and saw 7 of its levels.

You collected 210 gold pieces.

Inventory:

Hand Weapons
 a - a +0 hand axe
 A - a +5 executioner's axe (weapon)
Missiles
 d - 133 stones (quivered)
 g - 30 poisoned darts
 i - 3 silver javelins
 q - 4 silver boomerangs
 B - 2 boomerangs
Armour
 b - a +2 leather armour of cold resistance
 h - a +0 ring mail
 l - a +0 helmet (worn)
 o - a scarf of resistance (worn)
 D - the +5 ring mail of the Spider Nest {Contam rN++ Str+6}
   (You found it on level 4 of the Dungeon)

   Str:       It affects your strength (+6).
   rN:        It greatly protects you from negative energy.
   Contam:    It causes magical contamination when unequipped.
 E - a +0 scale mail of fire resistance
 K - a +0 chain mail (worn)
Magical Staves
 p - a staff of cold
Jewellery
 e - a ring of positive energy (left hand)
 m - an amulet of guardian spirit (around neck)
 w - an amulet of guardian spirit
 x - a ring of wizardry
 I - a ring of poison resistance (right hand)
Wands
 j - a wand of flame (13)
Scrolls
 n - a scroll of noise
 r - a scroll of vulnerability {unknown}
 u - a scroll of fog {unknown}
 y - a scroll of amnesia {unknown}
 C - a scroll of enchant armour {unknown}
 F - 2 scrolls of identify {unknown}
 G - a scroll of acquirement {unknown}
 J - a scroll of fear {unknown}
Potions
 c - 2 potions of attraction {unknown}
 f - a potion of haste {unknown}
 k - 3 potions of curing {unknown}
 s - 2 potions of berserk rage {unknown}
 t - a potion of brilliance {unknown}
 z - 3 potions of lignification {unknown}


   Skills:
 + Level 6.3 Fighting
 * Level 11.2 Axes
 * Level 5.0 Armour
 - Level 3.1 Dodging
 - Level 1.5 Stealth
 * Level 2.2 Invocations


You had 7 spell levels left.
You didn't know any spells.
Your spell library contained the following spells:

 Spells                   Type           Power      Damage    Failure   Level
 Corpse Rot               Necr/Air       0%         N/A       100%        2
 Dispel Undead            Necr           0%         3d6       100%        4
 Iskenderun's Battlesphe  Conj           0%         2d6       100%        5
 Death Channel            Necr           0%         N/A       100%        6
 Iron Shot                Conj/Erth      0%         9d1       100%        6
 Spellforged Servitor     Conj/Summ      0%         N/A       100%        7


Dungeon Overview and Level Annotations

Branches:
Dungeon (7/15)             Temple (0/1) D:7

Altars:
Ashenzari
Dithmenos
Kikubaaqudgha
Nemelex Xobeh
Trog
Uskayaw
Yredelemnul
The Shining One

Shops:
D:2 (   D:5 !   D:6 *


Innate Abilities, Weirdness & Mutations

Your magical capacity is low. (-10% MP)


Message History

The boulder beetle is moderately wounded.
The boulder beetle bites you!!
* * * LOW HITPOINT WARNING * * *
You are confused.
You feel invigorated. The boulder beetle closely misses you.
You feel very mighty all of a sudden. The boulder beetle bites you!
* * * LOW HITPOINT WARNING * * *
The boulder beetle attacks as you move away!
The boulder beetle barely misses you.
The boulder beetle curls into a ball and begins rolling!
The boulder beetle completely misses you.
The boulder beetle stops rolling and uncurls.
You slash the boulder beetle!
The boulder beetle is moderately wounded.
The boulder beetle bites you!!
* * * LOW HITPOINT WARNING * * *
You bump into the rock wall.
The boulder beetle bites you!
* * * LOW HITPOINT WARNING * * *
Found 21 stones.
You feel less invigorated.
You feel less confused.
You slice the boulder beetle!!
The boulder beetle is severely wounded.
The boulder beetle barely misses you.
You hit the boulder beetle.
The boulder beetle is severely wounded.
The boulder beetle bites you.
* * * LOW HITPOINT WARNING * * *
The boulder beetle misses you.
You completely miss the boulder beetle.
The boulder beetle is severely wounded.
The boulder beetle bites you!
* * * LOW HITPOINT WARNING * * *
You slash the boulder beetle!
The boulder beetle is almost dead.
The boulder beetle bites you but does no damage.
You hit the boulder beetle.
The boulder beetle is almost dead.
The boulder beetle bites you!!
You die...

......... # #..
#.#....... #. #..
#.........
#.(#..###.#...>...
#..#.. ...[.......
..... ..#.......
#..###.........
#......#.#.#.#.
#..@B.....[....
##.####.#..###.
#.. #.# .# #.# #.#
# #. #.# #. #.# ..
# #.# #. #.# ..
#.# .#


You could see a boulder beetle.

Vanquished Creatures
  Eustachio (D:4)
  Edmund (D:6)
  2 water moccasins (D:6)
  An ice beast (D:5)
  2 sky beasts
  An ogre (D:4)
  A kobold brigand (D:5)
  Blork the orc (D:5)
  2 scorpions (D:6)
  A jelly (D:5)
  A hound (D:5)
  A gnoll shaman (D:4)
  2 iguanas (D:5)
  An orc wizard (D:6)
  Robin (D:3)
  5 gnolls (D:4)
  10 adders
  A white imp (D:7)
  An ufetubus (D:5)
  A worm (D:2)
  6 dart slugs
  6 orcs
  8 bats
  6 endoplasms
  5 giant cockroaches
  17 goblins
  2 hobgoblins
  4 quokkas
  11 ball pythons
  3 frilled lizards
  17 kobolds
  4 rats
126 creatures vanquished.

Vanquished Creatures (others)
  A human (D:6)
  6 demonic plants (D:1)
  8 fungi
  4 plants
  7 withered plants (D:1)
26 creatures vanquished.

Grand Total: 152 creatures vanquished

Notes
Turn   | Place    | Note
-------+----------+-------------------------------------------
     0 | D:1      | gzilladon the Hill Orc Monk began the quest for the Orb.
     0 | D:1      | Reached XP level 1. HP: 19/19 MP: 1/1
   243 | D:1      | Reached XP level 2. HP: 27/27 MP: 2/2
   771 | D:1      | Found a faded altar of an unknown god.
   909 | D:1      | Reached XP level 3. HP: 19/33 MP: 3/3
  1837 | D:2      | Reached skill level 5 in Axes
  1849 | D:2      | Found a sparkling altar of Nemelex Xobeh.
  2097 | D:2      | Found Raosuc's Weapon Shop.
  2204 | D:2      | Reached XP level 4. HP: 39/41 MP: 4/4
  3496 | D:3      | Reached skill level 1 in Armour
  3512 | D:3      | Noticed Robin
  3525 | D:3      | Killed Robin
  3526 | D:3      | Reached XP level 5. HP: 34/47 MP: 2/5
  4144 | D:4      | Noticed an ogre
  4166 | D:4      | Reached skill level 6 in Axes
  4175 | D:4      | Killed an ogre
  4176 | D:4      | Reached XP level 6. HP: 19/55 MP: 2/6
  4653 | D:4      | Found a bloodstained altar of Trog.
  4698 | D:4      | Noticed a +0 spear
  4698 | D:4      | Noticed a +0 falchion
  4699 | D:4      | Noticed a +0 short sword
  4699 | D:4      | Noticed a +0 spear
  4700 | D:4      | Noticed a +0 dagger
  4700 | D:4      | Noticed a +0 short sword
  4701 | D:4      | Noticed a +0 falchion
  4701 | D:4      | Noticed a +0 dagger
  4703 | D:4      | Found a hide-covered altar of Uskayaw.
  4930 | D:4      | Noticed Eustachio
  4962 | D:4      | Killed Eustachio
  4963 | D:4      | Reached skill level 5 in Fighting
  4963 | D:4      | Reached skill level 7 in Axes
  5142 | D:4      | Reached XP level 7. HP: 60/61 MP: 7/7
  5478 | D:4      | Identified the +5 ring mail of the Spider Nest {Contam rN++
                  | Str+6}
  5652 | D:5      | Entered Level 5 of the Dungeon
  5715 | D:5      | Reached skill level 8 in Axes
  5927 | D:5      | Found a broken altar of Ashenzari.
  6074 | D:5      | Found a shadowy altar of Dithmenos.
  6123 | D:5      | Became a worshipper of Beogh the Brigand
  6123 | D:5      | Reached * piety under Beogh
  6123 | D:5      | Reached ** piety under Beogh
  6180 | D:5      | Reached skill level 9 in Axes
  6180 | D:5      | Reached XP level 8. HP: 64/70 MP: 6/8
  6199 | D:5      | Found Aqacveh's Distillery.
  6236 | D:5      | Noticed Blork the orc
  6255 | D:5      | Killed Blork the orc
  6394 | D:5      | Found a glowing golden altar of the Shining One.
  6837 | D:6      | Reached skill level 10 in Axes
  6837 | D:6      | Reached skill level 1 in Invocations
  6998 | D:6      | Gained mutation: Your magical capacity is low. (-10% MP)
                  | [mutagenic glow]
  7124 | D:6      | Found a basalt altar of Yredelemnul.
  7361 | D:6      | Found Wius's Gadget Gallery.
  7374 | D:6      | Found an ancient bone altar of Kikubaaqudgha.
  8043 | D:6      | Noticed Edmund
  8050 | D:6      | Killed Edmund
  8051 | D:6      | Reached skill level 11 in Axes
  8051 | D:6      | Reached skill level 5 in Armour
  8296 | D:7      | Found a staircase to the Ecumenical Temple.
  8298 | D:7      | Noticed a boulder beetle
  8313 | D:7      | HP: 3/70 [boulder beetle (9)]
  8315 | D:7      | Demolished by a boulder beetle

Illustrated notes

Levels and vault maps discovered:
D:1:      beargit_arrival_diablo_church, layout_basic,
          shapermc_ecumenical_altar_gd
D:2:      layout_rooms, serial_shops, shop, basic_altar,
          kennysheep_generic_room_5
D:3:      layout_basic, uniq_robin
D:4:      layout_cave_pods, nicolae_uskayaw_en_pointe,
          mainiacjoe_overflow_cross_hatched, chequers_mini_garden,
          uniq_eustachio
D:5:      layout_cave_pools, tso_oasis_becter, nicolae_ru_path_of_blood,
          nicolae_ashenzari_skybound, lemuel_coloured_pillars_altar,
          nicolae_take_the_stairs, serial_bayou_lagoon_b, uniq_blork_the_orc
D:6:      layout_layer_cave, lemuel_doored_altar, tgw_kikubaaqudgha,
          hangedman_glass_teeth, minivault_1, nicolae_shop_gadgets, uniq_edmund
D:7:      layout_loops_ring, minmay_temple_entry_glass, uniq_maggie

Skill      XL: |  1  2  3  4  5  6  7  8 |
---------------+-------------------------+-----
Fighting       | 4 5 6 |  6.3
Axes           | 5 6 7 9 11 | 11.2
Armour         | 1 2 3 5 |  5.0
Dodging        | 3 |  3.1
Invocations    | 2 |  2.2
Stealth        | |  1.5

Action                   |  1- 3 |  4- 6 |  7- 9 || total
-------------------------+-------+-------+-------++-------
Melee: Hand axe          |   155 |   145 |       ||   300
       Punch             |     4 |     2 |       ||     6
       Executioner's axe |       |    43 |   126 ||   169
Invok: Convert to Beogh  |       |       |     1 ||     1
Evoke: Wand              |       |       |     1 ||     1
  Use: Potion            |       |     5 |     2 ||     7
       Scroll            |       |       |     7 ||     7
 Stab: Sleeping          |     1 |       |       ||     1
Armor: Robe              |    43 |       |       ||    43
       Ring mail         |    21 |    79 |    48 ||   148
       Chain mail        |       |       |    37 ||    37
Dodge: Dodged            |   139 |   137 |    89 ||   365

Table legend: (Time is in decaauts)
 A = Elapsed time spent in this place.
 B = Non-inter-level travel time spent in this place.
 C = Inter-level travel time spent in this place.
 D = Time resting spent in this place.
 E = Time spent auto-exploring this place.
 F = Levels seen in this place.
 G = Mean time per level.
                   A        B        C        D        E       F      G
               +--------+--------+--------+--------+--------+-----+--------+
         Total |   8400 |   7457 |    943 |   2384 |      0 |   7 | 1200.0 |
       Dungeon |   8400 |   7457 |    943 |   2384 |      0 |   7 | 1200.0 |
               +--------+--------+--------+--------+--------+-----+--------+

Top non-repeatable levels by time:
     D:1: 1806 daAuts
     D:4: 1658 daAuts
     D:6: 1635 daAuts
     D:3: 1482 daAuts
     D:5: 1031 daAuts
     D:2: 745 daAuts
     D:7: 41 daAuts
